 Dungeon Crawl Stone Soup version 0.27-a0-686-gaed091b46b (webtiles) character file.

Game seed: 4070619373223388021

467 rednaxela the Skirmisher (level 6, -1/51 HPs)
             Began as a Mummy Necromancer on Mar 21, 2021.
             Was an Initiate of Ashenzari.
             Slain by a phantom (3 damage)
             ... on level 4 of the Dungeon.
             The game lasted 00:11:03 (4421 turns).

rednaxela the Skirmisher (Mummy Necromancer)        Turns: 4421, Time: 00:11:04

Health: -1/51      AC:  6    Str: 13    XL:     6   Next: 81%
Magic:  10/10      EV: 10    Int: 21    God:    Ashenzari [......]
Gold:   146        SH:  4    Dex: 12    Spells: 9/10 levels left

rFire    x . .     SeeInvis .   h - +0 long sword
rCold    + . .     Faith    .   k - +0 buckler
rNeg     + + +     Spirit   .   f - +0 ring mail
rPois    ∞         Reflect  .   (no helmet)
rElec    .         Harm     .   (no cloak)
rCorr    .         Rampage  .   (no gloves)
Will     .....                  g - +0 pair of boots
Stlth    +.........             (no amulet)
HPRegen  0.17/turn              i - +6 ring of intelligence
MPRegen  0.12/turn              (no ring)

@: no status effects
A: cold resistance 1, negative energy resistance 3, torment resistance 2,
unbreathing 1, heat vulnerability 1, no potions
a: Renounce Religion, Curse Item


You were on level 4 of the Dungeon.
You worshipped Ashenzari.
Ashenzari was noncommittal.
You visited 1 branch of the dungeon, and saw 4 of its levels.

You collected 146 gold pieces.

Inventory:

Hand Weapons
 c - a +0 rapier
   (You found it on level 1 of the Dungeon)
 h - a +0 long sword (weapon)
   (You took it off an orc on level 3 of the Dungeon)
Missiles
 l - 16 poisoned darts (quivered)
Armour
 f - a +0 ring mail (worn)
   (You found it on level 1 of the Dungeon)
 g - a +0 pair of boots (worn)
   (You found it on level 1 of the Dungeon)
 k - a +0 buckler (worn)
   (You found it on level 3 of the Dungeon)
Jewellery
 i - a +6 ring of intelligence (right hand)
   (You found it on level 2 of the Dungeon)
Wands
 m - a wand of flame (16) {@v4}
   (You found it on level 4 of the Dungeon)
Scrolls
 a - 2 scrolls of identify {@r1}
 b - a scroll of enchant armour
 d - a scroll of fog {!r}
 e - 3 scrolls of teleportation {@r3 !r}
 j - a scroll of summoning
 n - a scroll of fear {!r}


   Skills:
 - Level 5.0 Fighting
 + Level 2.6 Long Blades
 - Level 1.5 Dodging
 - Level 1.5 Stealth
 + Level 2.5 Shields
 - Level 2.6 Spellcasting
 - Level 4.0 Necromancy


You had 9 spell levels left.
You knew the following spells:

 Your Spells              Type           Power      Damage    Failure   Level
a - Pain                  Necr           76%        1d7       7%          1

Your spell library contained the following spells:

 Spells                   Type           Power      Damage    Failure   Level
 Animate Skeleton         Necr           38%        N/A       7%          1
 Vampiric Draining        Necr           9%         2d7       21%         3
 Animate Dead             Necr           9%         N/A       56%         4
 Agony                    Necr           19%        N/A       88%         5


Dungeon Overview and Level Annotations

Branches:
Dungeon (4/15)             Temple (0/1) D:4

Altars:
Ashenzari
Cheibriados
Fedhas
Makhleb
Nemelex Xobeh
Okawaru
Sif Muna
Wu Jian
Xom
Zin
The Shining One

Annotations:
D:4 Purgy


Innate Abilities, Weirdness & Mutations

You are immune to poison.
Your flesh is cold resistant. (rC+)
You are immune to negative energy. (rN+++)
You are immune to unholy pain and torment.
You can survive without breathing.
You are vulnerable to heat. (rF-)
You do not drink.


Message History

You now have 146 gold pieces (gained 11).
Found a +0 spear.
A giant cockroach comes into view.
Purgy shouts!
An orc comes into view. It is wielding a +0 club.
You block the giant cockroach's attack.
You hit the giant cockroach but do no damage.
The giant cockroach barely misses you.
You riposte.
You barely miss the giant cockroach. The giant cockroach barely misses you.
You riposte.
You hit the giant cockroach.
You kill the giant cockroach!
Items here: )) [[ ÷.
You see here a +0 ring mail.
There is a stone staircase leading up here.
You climb upwards.
There is a stone staircase leading down here.
You see here a +0 hand axe.
There is a stone staircase leading down here.
You climb downwards.
Level annotation: Purgy
There is a stone staircase leading up here.
Found a staircase to the Ecumenical Temple.
A phantom comes into view.
A phantom is nearby!
You completely miss the phantom. The phantom barely misses you.
The phantom hits you.
The phantom blinks!
You blink.
Found an escape hatch in the floor.
Found a stone staircase leading down.
A ball python comes into view.
You closely miss the phantom.
The ball python hisses angrily.
The phantom hits you.
You hit the phantom.
The phantom is lightly damaged.
The phantom hits you but does no damage.
You hit the phantom.
The phantom is moderately damaged.
The phantom hits you but does no damage.
The phantom barely misses you.
You barely miss the phantom.
The phantom is moderately damaged.
The phantom hits you!
The phantom blinks!
You blink.
You hit the phantom.
The phantom is moderately damaged.
The phantom hits you.
* * * LOW HITPOINT WARNING * * *
The ball python misses you.
You riposte.
You slash the ball python!
You kill the ball python!
You hit the phantom.
The phantom is heavily damaged.
The phantom hits you.
* * * LOW HITPOINT WARNING * * *
The phantom blinks!
You blink.
The phantom barely misses you.
Found a stone staircase leading down.
Your ring mail prevents you from hitting the phantom.
The phantom is heavily damaged.
The phantom barely misses you.
You riposte.
You hit the phantom.
The phantom is heavily damaged.
You hit the phantom but do no damage.
The phantom is heavily damaged.
The phantom hits you!
* * * LOW HITPOINT WARNING * * *
You hit the phantom.
The phantom is severely damaged.
The phantom hits you but does no damage.
You block the phantom's attack.
You hit the phantom.
The phantom is severely damaged.
The phantom completely misses you.
You barely miss the phantom.
The phantom is severely damaged.
The phantom closely misses you.
You riposte.
You hit the phantom.
The phantom is almost destroyed.
You hit the phantom.
The phantom is almost destroyed.
The phantom hits you!
* * * LOW HITPOINT WARNING * * *
The phantom blinks!
You blink.
You completely miss the phantom.
The phantom is almost destroyed.
The phantom hits you but does no damage.
The phantom barely misses you.
You hit the phantom but do no damage.
The phantom is almost destroyed.
The orc barely misses you. The phantom barely misses you.
You hit the phantom.
The phantom is almost destroyed.
You block the orc's attack. The phantom closely misses you.
You completely miss the phantom.
The phantom is almost destroyed.
The orc hits you with a +0 club.
* * * LOW HITPOINT WARNING * * *
You block the phantom's attack. The orc hits you with a +0 club.
* * * LOW HITPOINT WARNING * * *
The phantom hits you.
* * * LOW HITPOINT WARNING * * *
You hit the phantom.
The phantom is almost destroyed.
The orc completely misses you.
You riposte.
You completely miss the orc. The phantom hits you.
You die...

#.......##.#.###
#.###........... #
#.# #...##..#### .
#. ........##..#
..#.###
.####.......#
..........#
##...##.#
..#....#..# .. #)#
#........# .. #..
##.>...@..# #.. ..o
##>....oW..####
.##..#..>.#......
...###...........
#..#..#.#..........
..#
....#.##.####...#
#.##.#....# .#
#...# ##.##.##.###
.# #...#
####.........#
#...#


You could see a phantom and an orc.

Vanquished Creatures
  An ogre (D:3)
  A phantom (D:4)
  A scorpion (D:3)
  A howler monkey (D:2)
  An orc priest (D:3)
  An orc wizard (D:4)
  A worker ant (D:4)
  6 adders
  An adder zombie (D:4)
  3 worms
  3 leopard geckos
  7 orcs
  2 ball pythons
  4 bats
  4 giant cockroaches
  8 goblins
  5 hobgoblins
  4 jackals (D:1)
  5 kobolds
  2 quokkas
  A frilled lizard (D:1)
  2 rats
64 creatures vanquished.

Notes
Turn   | Place    | Note
-------+----------+-------------------------------------------
     0 | D:1      | rednaxela the Mummy Necromancer began the quest for the
                  | Orb.
     0 | D:1      | Reached XP level 1. HP: 13/13 MP: 4/4
   109 | D:1      | Reached skill level 1 in Fighting
   148 | D:1      | Reached XP level 2. HP: 21/22 MP: 0/5
   328 | D:1      | Reached skill level 2 in Fighting
  1086 | D:1      | Reached XP level 3. HP: 24/28 MP: 2/7
  1314 | D:2      | Reached skill level 3 in Fighting
  1314 | D:2      | Reached XP level 4. HP: 37/37 MP: 2/8
  1479 | D:2      | Reached skill level 4 in Fighting
  2095 | D:2      | Found a broken altar of Ashenzari.
  2096 | D:2      | Found a shimmering altar of Xom.
  2096 | D:2      | Found a sparkling altar of Nemelex Xobeh.
  2096 | D:2      | Found an ornate altar of the Wu Jian Council.
  2098 | D:2      | Found a burning altar of Makhleb.
  2099 | D:2      | Found a snail-covered altar of Cheibriados.
  2100 | D:2      | Found a shimmering blue altar of Sif Muna.
  2120 | D:2      | Became a worshipper of Ashenzari the Shackled
  2172 | D:3      | Found a blossoming altar of Fedhas.
  2466 | D:3      | Reached XP level 5. HP: 36/43 MP: 0/9
  2564 | D:3      | Noticed an ogre
  2676 | D:3      | Reached skill level 5 in Fighting
  2834 | D:3      | Found an iron altar of Okawaru.
  3427 | D:3      | Killed an ogre
  3428 | D:3      | Reached skill level 1 in Long Blades
  3428 | D:3      | Reached skill level 1 in Shields
  3517 | D:3      | Reached XP level 6. HP: 36/51 MP: 10/10
  3703 | D:4      | Reached skill level 2 in Long Blades
  3703 | D:4      | Reached skill level 2 in Shields
  3991 | D:4      | Noticed Purgy
  4378 | D:4      | Found a staircase to the Ecumenical Temple.
  4420 | D:4      | HP: 2/51 [phantom (4)]
  4421 | D:4      | Slain by a phantom

Illustrated notes

Levels and vault maps discovered:
D:1:      scummos_arrival_simple_crosswalls, layout_basic
D:2:      layout_basic, tso_altar, minitemple, zin_scriptorium
D:3:      layout_basic, overflow_temple_1_default,
          nicolae_overflow_crystal_walls
D:4:      kennysheep_goblin_castle, layout_loops_cross,
          minmay_temple_entry_large_hall, uniq_purgy

Skill      XL: |  1  2  3  4  5  6 |
---------------+-------------------+-----
Fighting       | 1 2 3 4 5 |  5.0
Long Blades    | 1 2 |  2.6
Shields        | 1 2 |  2.5
Dodging        | |  1.5
Stealth        | |  1.5
Spellcasting   | |  2.6
Necromancy     | |  4.0

Action                   |  1- 3 |  4- 6 || total
-------------------------+-------+-------++-------
Melee: Rapier            |    27 |    14 ||    41
       Long sword        |       |    74 ||    74
Throw: Dart              |       |    15 ||    15
 Cast: Pain              |    40 |    59 ||    99
  Use: Scroll            |     1 |       ||     1
Armor: Robe              |     2 |       ||     2
       Ring mail         |    13 |    23 ||    36
Dodge: Dodged            |    25 |    55 ||    80
Block: Buckler           |       |     9 ||     9
       Rpst.: Long sword |       |    16 ||    16

Table legend: (Time is in decaauts)
 A = Elapsed time spent in this place.
 B = Non-inter-level travel time spent in this place.
 C = Inter-level travel time spent in this place.
 D = Time resting spent in this place.
 E = Time spent auto-exploring this place.
 F = Levels seen in this place.
 G = Mean time per level.
                   A        B        C        D        E       F      G
               +--------+--------+--------+--------+--------+-----+--------+
         Total |   4459 |   4183 |    276 |    404 |   2889 |   4 | 1114.8 |
       Dungeon |   4459 |   4183 |    276 |    404 |   2889 |   4 | 1114.8 |
               +--------+--------+--------+--------+--------+-----+--------+

Top non-repeatable levels by time:
     D:2: 1310 daAuts
     D:3: 1219 daAuts
     D:1: 1156 daAuts
     D:4: 773 daAuts
